[Event "Late-Titled-Tuesday-Blitz-October-03-2023"]
[Site "Chess.com"]
[Date "2023.10.03"]
[Round "7"]
[White "KorolDimitriy75"]
[Black "zverr1"]
[Result "1-0"]
[WhiteElo "2373"]
[BlackElo "2504"]
[TimeControl "180+1"]
[EndTime "15:12:52 PDT"]
[Termination "KorolDimitriy75 won by checkmate"]

1. d4 Nf6 2. c4 g6 3. Nc3 d5 4.
cxd5 Nxd5 5. e4 Nxc3 6. bxc3 c5 7. Nf3 Bg7 8. Rb1 O-O 9. Be2 Nc6 10. d5 Bxc3+ 11. Bd2 Bxd2+ 12. Qxd2 Nb8 13. h4 h5 14. Qh6 Qa5+ 15. Kf1 Qxa2 16. Re1 Qb2 17. e5 Bg4 18. Ng5 Bxe2+ 19. Rxe2 Qc1+ 20. Re1 Qxg5 21. hxg5 a5 22. g4 Ra6 23. e6 a4 24. gxh5 a3 25. hxg6 a2 26. Qh7# 1-0

[Event "Late-Titled-Tuesday-Blitz-October-03-2023"]
[Site "Chess.com"]
[Date "2023.10.03"]
[Round "7"]
[White "KamilGrycel"]
[Black "Nf3c5"]
[Result "1-0"]
[WhiteElo "2477"]
[BlackElo "2574"]
[TimeControl "180+1"]
[EndTime "15:12:56 PDT"]
[Termination "KamilGrycel won by checkmate"]

1. d4 Nf6 2. Nf3 e6 3. Bf4 c5 4. c3 b6 5. e3 Bb7 6. h3 Be7 7. Nbd2 O-O 8. Bd3 cxd4 9. cxd4 d6 10. O-O Nd5 11. Bh2 Nd7 12. e4 Nb4 13. Be2 Nf6 14.
a3 Nc6 15. Bd3 Rc8 16. Rc1 Re8 17. Qe2 Nd7 18. Nc4 Nf8 19. Rfd1 Ng6 20. Bg3 Bf8 21. e5 d5 22. Ne3 Na5 23. b4 Nc6 24. h4 a5 25. h5 Nge7 26. b5 Nb8 27. a4 Rxc1 28. Rxc1 Qd7 29. Qc2 g6 30. hxg6 hxg6 31. Bh4 Rc8 32. Qd2 Rxc1+ 33. Qxc1 Nf5 34. Nxf5 exf5 35. Bf6 Qc8 36. Qg5 Qc3 37. Bf1 Bc8 38. Qh4 Nd7 39. Qh8# 1-0

[Event "Late-Titled-Tuesday-Blitz-October-03-2023"]
[Site "Chess.com"]
[Date "2023.10.03"]
[Round "7"]
[White "Onthequiet"]
[Black "angryspacevoid"]
[Result "0-1"]
[WhiteElo "2409"]
[BlackElo "2546"]
[TimeControl "180+1"]
[EndTime "15:12:56 PDT"]
[Termination "angryspacevoid won by checkmate"]

1. d4 e6 2. Nf3 c5 3. e3 b6 4.
Bd3 Bb7 5. Nbd2 f5 6. b3 Nf6 7. Bb2 d5 8. O-O Bd6 9. Ne5 O-O 10. Qe2 Nc6 11. a3 f4 12. Ndf3 Ne4 13. Nxc6 Bxc6 14. Ne5 Bxe5 15. dxe5 d4 16. exd4 f3 17. Qe3 fxg2 18. Rfe1 Ng5 19. Be2 Nf3+ 20. Bxf3 Rxf3 21. Qd2 Qh4 22. Re3 Raf8 23. Rxf3 Rxf3 24. dxc5 Rh3 25. Rd1 Bd5 26. f3 Rxh2 27. Bd4 Rh1+ 28. Kxg2 Qh2# 0-1

[Event "Late-Titled-Tuesday-Blitz-October-03-2023"]
[Site "Chess.com"]
[Date "2023.10.03"]
[Round "7"]
[White "GiorgianBarbosa"]
[Black "AyMitecK"]
[Result "0-1"]
[WhiteElo "2410"]
[BlackElo "2548"]
[TimeControl "180+1"]
[EndTime "15:12:58 PDT"]
[Termination "AyMitecK won by checkmate"]

1. c4 Nf6 2. g3 c5 3. Bg2 d5 4.
cxd5 Nxd5 5. Nf3 Nc7 6. O-O Nc6 7. b3 e5 8. Bb2 f6 9. e3 Bg4 10. h3 Bh5 11. g4 Bg6 12. d4 e4 13. Nh4 cxd4 14.
Nxg6 hxg6 15. Bxe4 f5 16. gxf5 Rxh3 17. Qg4 Rh6 18. exd4 Qd6 19. f4 O-O-O 20. fxg6+ Kb8 21. Na3 Be7 22. Nc4 Qb4 23. Bxc6 bxc6 24. Ba3 Qc3 25.
Bxe7 Qxd4+ 26. Kg2 Rdh8 27. Rad1 Qe4+ 28. Kg3 Qxe7 29.
Ne5 Kb7 30. Rd7 Qc5 31. Rf3 Qg1# 0-1

[Event "Late-Titled-Tuesday-Blitz-October-03-2023"]
[Site "Chess.com"]
[Date "2023.10.03"]
[Round "7"]
[White "carlospaul1990"]
[Black "maksimys18"]
[Result "0-1"]
[WhiteElo "2347"]
[BlackElo "2526"]
[TimeControl "180+1"]
[EndTime "15:12:59 PDT"]
[Termination "maksimys18 won by resignation"]

1. d4 e6 2. c4 d5 3. Nf3 Nf6 4. g3 Be7 5. Bg2 O-O 6. O-O b6 7. cxd5 exd5 8. Nc3 Be6 9. Bf4 Nbd7 10. Nb5 c5 11.
Ne5 Nxe5 12. dxe5 Ne4 13. f3 Ng5 14. Bxg5 Bxg5 15. f4 Be7 16. f5 Bd7 17. Nc3 d4 18. Nd5 Bg5 19. h4 Bh6 20. f6 Kh8 21. e4 Be6 22. g4 Bxd5 23. exd5 Be3+ 24. Kh1 gxf6 25. Rxf6 Rg8 26. Qf3 Rg6 27. g5 Rxf6 28. gxf6 Qg8 29. Bh3 Qg6 30. Qg4 Qh6 31. Rf1 Rg8 32. Qxg8+ Kxg8 33.
e6 Qxh4 34. Kg2 Qg5+ 35. Kh1 Qxd5+ 36. Kh2 Qe5+ 37. Kh1 fxe6 38. f7+ Kf8 39. Kg2 h5 40. Rf4 Qxf4 0-1

[Event "Late-Titled-Tuesday-Blitz-October-03-2023"]
[Site "Chess.com"]
[Date "2023.10.03"]
[Round "7"]
[White "HanSchut"]
[Black "Langua_Chess"]
[Result "1/2-1/2"]
[WhiteElo "2344"]
[BlackElo "2481"]
[TimeControl "180+1"]
[EndTime "15:12:59 PDT"]
[Termination "Game drawn by agreement"]

1. e4 e5 2. Nf3 Nc6 3. Bc4 Nf6 4. d4 exd4 5. e5 d5 6. Bb5 Ne4 7. Nxd4 Bc5 8. Be3 O-O 9. Nxc6 bxc6 10. Bxc5 Nxc5 11. Bxc6 Rb8 12. Qxd5 Qe7 13. O-O Rd8 14. Qf3 Rxb2 15. Nc3 Rxc2 16. Nd5 Qxe5 17. Rae1 Qd6 18. Ne7+ Kh8 19. Nxc8 Rxc8 20. Re8+ Rxe8 21. Bxe8 Qe7 22.
Bxf7 g6 23. Bb3 Nxb3 24. Qxb3 Qe2 25. Qb8+ Kg7 26. Qxa7 h5 27. h3 1/2-1/2

[Event "Late-Titled-Tuesday-Blitz-October-03-2023"]
[Site "Chess.com"]
[Date "2023.10.03"]
[Round "7"]
[White "valemava"]
[Black "kingofthenil"]
[Result "1-0"]
[WhiteElo "2326"]
[BlackElo "2756"]
[TimeControl "180+1"]
[EndTime "15:13:00 PDT"]
[Termination "valemava won by checkmate"]

1. Nf3 Nf6 2. c4 c6 3. b3 d5 4. Bb2 Bg4 5. g3 Bxf3 6. exf3 g6 7. Bg2 Bg7 8. O-O O-O 9. d3 Ne8 10. Qc1 Nd7 11. Nc3 e6 12. f4 Nc5 13. Rd1 Nd6 14.
b4 Nd7 15. c5 Nf5 16. Ne2 Bxb2 17. Qxb2 Qf6 18. d4 h5 19. h4 b6 20. b5 Nxc5 21.
bxc6 Rfc8 22. Rd2 Ne4 23. Rc2 Nfd6 24. Rac1 Rc7 25. f3 Nxg3 26. Nxg3 Qxf4 27. Ne2 Qxh4 28. Qb4 Nc4 29. Rxc4 dxc4 30. Qxc4 Rd8 31. f4 Qg4 32.
Kf2 h4 33. Bf3 Qf5 34. Qc2 Qa5 35. Qe4 Rd5 36. Rh1 Qxa2 37. Rxh4 Rxc6 38. f5 gxf5 39. Qf4 Kf8 40. Bxd5 Qxd5 41. Rh8+ Ke7 42. Qg5+ f6 43. Qg7+ Kd6 44. Rd8# 1-0

[Event "Late-Titled-Tuesday-Blitz-October-03-2023"]
[Site "Chess.com"]
[Date "2023.10.03"]
[Round "7"]
[White "Mikedannnn"]
[Black "TheMagician"]
[Result "1-0"]
[WhiteElo "2557"]
[BlackElo "2230"]
[TimeControl "180+1"]
[EndTime "15:13:01 PDT"]
[Termination "Mikedannnn won on time"]

1. e4 c5 2. Nf3 d6 3. d4 cxd4 4.
Nxd4 Nf6 5. Nc3 a6 6. f4 e5 7. Nf3 Qc7 8. a4 Bg4 9. Bd3 Nbd7 10. O-O exf4 11. Bxf4 Be7 12. Kh1 Ne5 13. Qe1 Bxf3 14. gxf3 h6 15. Qe2 Rc8 16. Rg1 g5 17. Be3 Rg8 18. a5 Nc4 19. Bd4 Nxb2 20. Nb5 axb5 21. Bxb2 b4 22. a6 bxa6 23. Rxa6 Rb8 24. Rga1 Kf8 25. e5 Nd5 26. Ra7 Qb6 27. Bc4 Nf4 28.
Qe4 d5 29. Bxd5 Qg6 30. Qxg6 1-0

[Event "Late-Titled-Tuesday-Blitz-October-03-2023"]
[Site "Chess.com"]
[Date "2023.10.03"]
[Round "7"]
[White "bazar-wokzal"]
[Black "chessmoo"]
[Result "1/2-1/2"]
[WhiteElo "2576"]
[BlackElo "2466"]
[TimeControl "180+1"]
[EndTime "15:13:04 PDT"]
[Termination "Game drawn by repetition"]

1. e4 c5 2. c3 Nf6 3. e5 Nd5 4. d4 cxd4 5. cxd4 e6 6. Nc3 Nxc3 7. bxc3 Qc7 8. Bd2 d6 9. f4 Nd7 10. Nf3 Be7 11. Bd3 b6 12. Qe2 Bb7 13. O-O O-O 14. Rf2 Rfd8 15. Raf1 g6 16. g4 Rac8 17. h4 Bf8 18. h5 Bg7 19. hxg6 hxg6 20. Ng5 Qc6 21. Be4 Qc7 22. Rf3 Bxe4 23. Nxe4 dxe5 24. fxe5 Nxe5 25. dxe5 Qxe5 26. Rxf7 Rxd2 27. Qxd2 Qxe4 28. Rxg7+ Kxg7 29. Qd7+ Kh6 30. g5+ Kxg5 31. Qxc8 Qe3+ 32. Rf2 Qe1+ 33. Kg2 Qe4+ 34. Kh2 Qe5+ 35. Kh1 Qe1+ 36. Kg2 Qe4+ 37. Rf3 Qe2+ 38. Kg3 Qe1+ 39. Rf2 Qe3+ 40. Kg2 Qe4+ 1/2-1/2

[Event "Late-Titled-Tuesday-Blitz-October-03-2023"]
[Site "Chess.com"]
[Date "2023.10.03"]
[Round "7"]
[White "MBA_CHESS_2021"]
[Black "K_alena13"]
[Result "1-0"]
[WhiteElo "2244"]
[BlackElo "2102"]
[TimeControl "180+1"]
[EndTime "15:13:05 PDT"]
[Termination "MBA_CHESS_2021 won by resignation"]

1. e4 e5 2. Bc4 Nc6 3. d3 Nf6 4. Be3 Be7 5. h3 d6 6. f4 exf4 7. Bxf4 a6 8. Nc3 b5 9. Bb3 Na5 10. Nf3 Nxb3 11. axb3 Be6 12. O-O O-O 13. Nd4 Qd7 14. Bg5 b4 15. Nce2 c5 16. Nf5 Bxf5 17. Rxf5 h6 18. Bxf6 Bxf6 19. Rxf6 gxf6 20. Ng3 Kh7 21. Qf3 Rg8 22. Nh5 Rg6 23. Nxf6+ Rxf6 24. Qxf6 Rg8 25. Rxa6 Rg6 26. Qf5 Qe7 27. Ra8 Kg7 28.
Qc8 Kf6 29. Qh8+ Rg7 30. Rg8 1-0

[Event "Late-Titled-Tuesday-Blitz-October-03-2023"]
[Site "Chess.com"]
[Date "2023.10.03"]
[Round "7"]
[White "biostatistician"]
[Black "dretch"]
[Result "0-1"]
[WhiteElo "2633"]
[BlackElo "2844"]
[TimeControl "180+1"]
[EndTime "15:13:08 PDT"]
[Termination "dretch won by resignation"]

1. d4 d5 2. Nf3 Nf6 3. c4 c6 4. cxd5 cxd5 5. Nc3 Nc6 6. Bf4 Nh5 7. Bd2 e6 8. e3 Bd6 9. Rc1 O-O 10. Ne5 g6 11.
Be2 Ng7 12. f4 Ne7 13. O-O f6 14. Nd3 Ngf5 15. g4 Ng7 16. Nb5 Bb8 17. Bb4 a6 18. Rxc8 Nxc8 19. Bxf8 Qxf8 20. Nc3 Nd6 21. Bf3 Ba7 22.
Qb3 Nc4 23. Qxb7 Nxe3 24. Re1 Bxd4 25. Kh1 Qc8 26. Qb4 Nc2 27. Nxd5 Nxb4 28. Ne7+ Kf8 29. Nxc8 Nxd3 30. Bxa8 Nxe1 31. b4 Nc2 0-1

[Event "Late-Titled-Tuesday-Blitz-October-03-2023"]
[Site "Chess.com"]
[Date "2023.10.03"]
[Round "7"]
[White "Deeper44"]
[Black "akanga001"]
[Result "1-0"]
[WhiteElo "2537"]
[BlackElo "2026"]
[TimeControl "180+1"]
[EndTime "15:13:09 PDT"]
[Termination "Deeper44 won by resignation"]

1. d4 d5 2. c4 e6 3. Nf3 Nf6 4.
g3 dxc4 5. Bg2 c5 6. O-O Nc6 7. Qa4 Bd7 8. Qxc4 b5 9. Qd3 c4 10.
Qd1 Be7 11. a4 a6 12. axb5 axb5 13. Rxa8 Qxa8 14. Ne5 O-O 15. Bg5 h6 16. Nxd7 hxg5 17. Nxf8 Bxf8 18. Nc3 b4 19. Ne4 Nd5 20. Nxg5 Qa7 21.
Qc2 g6 22. Qxc4 Nxd4 23. e3 Be7 24. exd4 Bxg5 25. Bxd5 exd5 26. Qxd5 Bf6 27. Rd1 Kg7 28.
Kg2 Qc7 29. Qc5 Qb7+ 30. d5 Bxb2 31. Qc6 Qb8 32. d6 Bf6 33. d7 b3 34. Qc8 Qb5 35.
d8=Q Bxd8 36. Qxd8 b2 37. Qd4+ Kh7 38. Rb1 Qc6+ 39.
Kg1 Qc1+ 40. Qd1 Qc3 41. h3 g5 42. Qh5+ Kg8 43. Qxg5+ Kf8 44. Qh6+ Kg8 45. Qg5+ Kf8 46. Qd8+ Kg7 47. Qd1 Kf8 48. Kg2 Qc6+ 49. Qf3 Qc2 50. Qa3+ 1-0

[Event "Late-Titled-Tuesday-Blitz-October-03-2023"]
[Site "Chess.com"]
[Date "2023.10.03"]
[Round "7"]
[White "ameetghasi100"]
[Black "Zq1"]
[Result "1-0"]
[WhiteElo "2723"]
[BlackElo "2529"]
[TimeControl "180+1"]
[EndTime "15:13:11 PDT"]
[Termination "ameetghasi100 won by resignation"]

1. g3 d5 2. Bg2 c6 3. d3 g6 4.
Nf3 Bg7 5. O-O e5 6. e4 Ne7 7. Nc3 d4 8. Nb1 c5 9. a4 Nbc6 10. Na3 O-O 11. Nc4 b6 12. Bd2 h6 13. Nh4 Be6 14.
f4 exf4 15. gxf4 f5 16. exf5 gxf5 17. Re1 Qd7 18. Qf3 Bd5 19. Qh3 Bxg2 20. Nxg2 Kh7 21.
Re2 Nd5 22. Rae1 Rg8 23. Re6 Raf8 24. Rd6 Qf7 25. Rxc6 Bf6 26. Ree6 Qg7 27. Qxf5+ Kh8 28. Qxd5 Qg4 29. Rxf6 1-0

[Event "Late-Titled-Tuesday-Blitz-October-03-2023"]
[Site "Chess.com"]
[Date "2023.10.03"]
[Round "7"]
[White "maracayo"]
[Black "Let_it_be_1"]
[Result "0-1"]
[WhiteElo "2401"]
[BlackElo "2623"]
[TimeControl "180+1"]
[EndTime "15:13:11 PDT"]
[Termination "Let_it_be_1 won by resignation"]

1. e4 e6 2. Nf3 d5 3. d3 c5 4.
Nbd2 Nc6 5. Be2 Nf6 6. O-O Bd6 7.
c3 O-O 8. Re1 Qc7 9. Bf1 Rd8 10.
g3 b6 11. exd5 exd5 12. Bg2 Bg4 13. Nf1 d4 14. Bg5 Be7 15. h3 Bh5 16. c4 h6 17.
Bf4 Bd6 18. Qd2 Bxf4 19. Qxf4 Qxf4 20. gxf4 Bg6 21. Ne5 Nxe5 22. fxe5 Nh5 23. Bxa8 Rxa8 24. e6 fxe6 25. Rxe6 Nf4 26. Re7 Nxh3+ 27. Kh2 Nxf2 28. Nd2 Bxd3 29. Rg1 g5 30. Kg3 Rf8 31. Rxa7 h5 32. Ra3 h4+ 33. Kh2 g4 34. Rxd3 Nxd3 35. Rxg4+ Kf7 36.
Rxh4 Nxb2 37. Rh6 Kg7 0-1

[Event "Late-Titled-Tuesday-Blitz-October-03-2023"]
[Site "Chess.com"]
[Date "2023.10.03"]
[Round "7"]
[White "Saraisitave"]
[Black "Alina_Gumerovna"]
[Result "1-0"]
[WhiteElo "2256"]
[BlackElo "2107"]
[TimeControl "180+1"]
[EndTime "15:13:12 PDT"]
[Termination "Saraisitave won on time"]

1. e4 e5 2. d4 exd4 3. Qxd4 Nc6 4. Qe3 Bb4+ 5. Nc3 Nf6 6. Bd2 d6 7. O-O-O O-O 8. Qg3 Be6 9. f3 a6 10. h4 Nh5 11.
Qh2 Ne5 12. g4 Nf6 13. h5 h6 14. g5 Nh7 15. gxh6 g6 16. hxg6 fxg6 17. Qg3 Qf6 18.
f4 Nc6 19. Bd3 Kh8 20. Nge2 a5 21. Rdg1 Bf7 22. a3 Bc5 23. Nd5 Bxd5 24. exd5 Bxg1 25. Rxg1 Qf7 26. Bc3+ Kg8 27. Bxg6 Qxd5 28. Be4+ 1-0

[Event "Late-Titled-Tuesday-Blitz-October-03-2023"]
[Site "Chess.com"]
[Date "2023.10.03"]
[Round "7"]
[White "EsmeraldasAnderson03"]
[Black "talaicito"]
[Result "1-0"]
[WhiteElo "2431"]
[BlackElo "2172"]
[TimeControl "180+1"]
[EndTime "15:13:13 PDT"]
[Termination "EsmeraldasAnderson03 won on time"]

1. d4 e6 2. c4 f5 3. g3 Nf6 4.
Bg2 Be7 5. Nf3 O-O 6. O-O d6 7.
Nc3 a5 8. Re1 Ne4 9. Qc2 Nxc3 10. Qxc3 Nc6 11. d5 Bf6 12. Qd2 Ne5 13. Nxe5 dxe5 14.
e4 Qe7 15. b3 g5 16. a4 Qg7 17. Ba3 Rd8 18. d6 cxd6 19. Bxd6 Be7 20. c5 f4 21. Red1 b6 22. Qc3 Bxd6 23. Rxd6 Rxd6 24. cxd6 Qd7 25.
Qc7 Qxc7 26. dxc7 Ra7 27. Rc1 Kf7 28. Bf1 Ke7 29. Rc6 Kd7 30. Bb5 Rxc7 31. Rxb6+ Ke7 32.
Bc4 Bb7 33. Rxe6+ Kd7 34. Rxe5 Kd6 35. Rxg5 Bxe4 36. gxf4 1-0

[Event "Late-Titled-Tuesday-Blitz-October-03-2023"]
[Site "Chess.com"]
[Date "2023.10.03"]
[Round "7"]
[White "rikchessmx"]
[Black "Likvidator228"]
[Result "1-0"]
[WhiteElo "2348"]
[BlackElo "2533"]
[TimeControl "180+1"]
[EndTime "15:13:15 PDT"]
[Termination "rikchessmx won by checkmate"]

1. e4 c5 2. Nf3 g6 3. d4 cxd4 4. Qxd4 Nf6 5. e5 Nc6 6. Qc4 d5 7. exd6 Qxd6 8. Nc3 a6 9. Bf4 Qe6+ 10.
Be2 Qxc4 11. Bxc4 Bg7 12. O-O-O Bg4 13. Be2 O-O 14. h3 Be6 15. Ng5 Bf5 16. g4 Bc8 17. Bf3 h6 18. Nge4 Nxe4 19. Bxe4 e5 20. Be3 f5 21.
Bd5+ Kh7 22. Rdg1 Ne7 23. Bb3 Nc6 24. Bc5 Rf6 25. Nd5 Bd7 26. Nxf6+ Bxf6 27. Rd1 Be8 28.
gxf5 gxf5 29. Be6 Bg5+ 30. Kb1 Kg6 31. h4 Bf4 32. h5+ Kf6 33. Bc4 e4 34. Bb6 Rc8 35.
Bb3 Ne5 36. Rd6+ Kg7 37. Rg1+ Ng4 38. Bd4+ Kh7 39. Re6 Bxh5 40. Re7+ Kg6 41. Rg7# 1-0

[Event "Late-Titled-Tuesday-Blitz-October-03-2023"]
[Site "Chess.com"]
[Date "2023.10.03"]
[Round "7"]
[White "CarlosjPineror"]
[Black "NMZanette"]
[Result "1-0"]
[WhiteElo "2513"]
[BlackElo "2300"]
[TimeControl "180+1"]
[EndTime "15:13:19 PDT"]
[Termination "CarlosjPineror won by checkmate"]

1. e4 c5 2. Nf3 d6 3. d4 cxd4 4.
Nxd4 Nf6 5. Nc3 a6 6. Bg5 e6 7.
f4 Be7 8. Qe2 Qc7 9. O-O-O Nbd7 10. g4 h6 11. Bh4 Nxe4 12. Nxe4 Bxh4 13. Nf5 Bf6 14. Nfxd6+ Kf8 15. h4 Nc5 16. Bg2 Be7 17. Rhf1 Nxe4 18. Nxe4 Bd7 19. f5 Bb5 20. Qf2 Bxf1 21.
Rxf1 e5 22. f6 gxf6 23. Nxf6 Bxf6 24. Qxf6 Rg8 25. Qxh6+ Ke7 26. Qf6+ Kf8 27. Bd5 Rg7 28.
Qh6 Rc8 29. Rxf7+ Qxf7 30. Bxf7 Kxf7 31. g5 Rc6 32. Qh5+ Ke7 33. Qe2 Re6 34. Qe4 Kd6 35. c4 Rd7 36. g6 Kc5 37. b3 Rd4 38. Qe3 Rd6 39. Qxe5+ Kb4 40. Qe1+ Ka3 41. Qa5# 1-0

[Event "Late-Titled-Tuesday-Blitz-October-03-2023"]
[Site "Chess.com"]
[Date "2023.10.03"]
[Round "7"]
[White "dennisodessa"]
[Black "MajorCoast"]
[Result "1-0"]
[WhiteElo "2471"]
[BlackElo "2254"]
[TimeControl "180+1"]
[EndTime "15:13:20 PDT"]
[Termination "dennisodessa won by checkmate"]

1. d4 d5 2. c4 e6 3. Nc3 h6 4. cxd5 exd5 5. Bf4 Bd6 6. Nxd5 c6 7.
Bxd6 cxd5 8. Ba3 Nc6 9. e3 Bf5 10. Nf3 Nf6 11. Be2 Ne4 12. O-O g5 13. Qa4 g4 14.
Ne5 Bd7 15. Nxd7 Qxd7 16. Rac1 h5 17. Bb5 Rc8 18. Bd3 Nd2 19. Rfd1 Nf3+ 20. gxf3 gxf3 21. Kh1 Rg8 22. Rg1 Rg2 23. Rxg2 fxg2+ 24. Kg1 Qg4 25.
Qb5 Rc7 26. Qxd5 Rd7 27. Qe4+ Qxe4 28. Bxe4 Ne7 29. Kxg2 b5 30. Bxe7 Kxe7 31. Rc5 a6 32.
Rxh5 Ke6 33. Rc5 Kd6 34. Rd5+ Kc7 35. Rxd7+ Kxd7 36. h4 a5 37. h5 a4 38. h6 a3 39.
bxa3 b4 40. axb4 f5 41. Bxf5+ Kd6 42. h7 Kd5 43. Bd3 Kd6 44. h8=Q Ke6 45. Qe5+ Kd7 46. Bb5+ Kc8 47. Qe7 Kb8 48. Bc6 Kc8 49. b5 Kb8 50. b6 Kc8 51. Qc7# 1-0

[Event "Late-Titled-Tuesday-Blitz-October-03-2023"]
[Site "Chess.com"]
[Date "2023.10.03"]
[Round "7"]
[White "geordie_derraugh"]
[Black "koncheto"]
[Result "0-1"]
[WhiteElo "2498"]
[BlackElo "2535"]
[TimeControl "180+1"]
[EndTime "15:13:25 PDT"]
[Termination "koncheto won by resignation"]

1. e4 e5 2. Nf3 Nf6 3. Nxe5 Nc6 4. Nxc6 dxc6 5. d3 Bc5 6. Be2 h5 7. h3 Qd4 8. Rf1 Be6 9. Nd2 O-O-O 10. Nb3 Bxb3 11. axb3 Nxe4 12. Ra4 Bb4+ 13. c3 Bxc3+ 14. bxc3 Qxc3+ 15. Bd2 Nxd2 16. Qxd2 Qxb3 17. Rxa7 Kb8 18. Qa2 Qc3+ 19. Qd2 Qxd2+ 20. Kxd2 Kxa7 21. Ra1+ Kb8 22. Rb1 b6 23. Bf3 Rd6 24. Ke3 g6 25. g4 hxg4 26. hxg4 Re8+ 27. Kd2 Rf6 28. Be4 Rxf2+ 29. Ke3 Rc2 30. d4 f5 31. gxf5 gxf5 32. Kd3 Rxe4 33. Kxc2 Rxd4 34. Rf1 f4 35. Kc3 c5 36. Rh1 Kb7 37.
Rh7 b5 38. Rh5 Kb6 39. Rf5 c6 40. Rg5 Rd5 41. Rg6 Rf5 42. Rg2 f3 43. Rf2 b4+ 44.
Kb3 Kb5 45. Rc2 c4+ 46. Rxc4 f2 47. Rc2 f1=Q 48. Rf2 Qc4+ 0-1

[Event "Late-Titled-Tuesday-Blitz-October-03-2023"]
[Site "Chess.com"]
[Date "2023.10.03"]
[Round "7"]
[White "Sjakkerntobi"]
[Black "quvnoq_muxlis"]
[Result "1/2-1/2"]
[WhiteElo "2511"]
[BlackElo "2757"]
[TimeControl "180+1"]
[EndTime "15:13:27 PDT"]
[Termination "Game drawn by stalemate"]

1. f4 e5 2. fxe5 d6 3. Nf3 dxe5 4. e4 Nc6 5. Bc4 Nf6 6. Qe2 Bc5 7. Bxf7+ Kxf7 8. Qc4+ Ke8 9. Qxc5 Nxe4 10. Qe3 Nf6 11. Nxe5 Nxe5 12. Qxe5+ Kf7 13. O-O Re8 14. Qg3 Kg8 15.
Nc3 Qd4+ 16. Qf2 Qe5 17. d4 Qh5 18. Bf4 c6 19. Be5 Ng4 20. Qf3 Qg6 21. Rae1 Be6 22. Qg3 Qxc2 23. h3 Nxe5 24. Rxe5 Bf7 25. Rg5 g6 26. Rf2 Qc1+ 27. Kh2 Qe3 28. Re5 Qxg3+ 29. Kxg3 Rxe5 30. dxe5 Rd8 31. Kf4 Kf8 32. Ke4 Ke7 33. g4 Be6 34. Ke3 b6 35. Ne4 Rd5 36. Kf4 Rd4 37.
Ke3 Rd5 38. Kf4 h6 39. h4 Rd4 40. Ke3 Ra4 41. b3 Rb4 42. g5 Bf5 43. Nd6 Rxh4 44. Rxf5 gxf5 45. Nxf5+ Ke6 46. Nxh4 hxg5 47. Ng6 Kf7 48.
Nh8+ Kg7 49. Ke4 Kxh8 50. Kf5 Kg7 51. Kxg5 Kf7 52. Kf5 Ke7 53. e6 c5 54. Ke5 b5 55.
Kd5 c4 56. bxc4 bxc4 57. Kxc4 Kxe6 58. Kb5 Kd7 59. Ka6 Kc8 60. Kxa7 Kc7 61. Ka6 Kb8 62. Kb6 Ka8 63. a4 Kb8 64. a5 Ka8 65. a6 Kb8 66.
a7+ Ka8 67. Ka6 1/2-1/2

[Event "Late-Titled-Tuesday-Blitz-October-03-2023"]
[Site "Chess.com"]
[Date "2023.10.03"]
[Round "7"]
[White "Lion_DL"]
[Black "Chempiblinka"]
[Result "1-0"]
[WhiteElo "2482"]
[BlackElo "2298"]
[TimeControl "180+1"]
[EndTime "15:13:27 PDT"]
[Termination "Lion_DL won by checkmate"]

1. e4 c6 2. d3 d5 3. Nd2 g6 4. Ngf3 Bg7 5. g3 e5 6. Bg2 Ne7 7. O-O O-O 8. h3 d4 9. Nc4 b5 10.
Ncxe5 Be6 11. Ng4 h5 12. Ngh2 Qd7 13. Ng5 Na6 14. f4 Qc8 15. Nxe6 fxe6 16. Nf3 Rb8 17. Bd2 c5 18. Qe2 c4 19. Kh2 cxd3 20. cxd3 Qc2 21.
Rab1 Nc5 22. Ne1 Qxb1 23. Bb4 Rbc8 24. a3 Rfe8 25. g4 hxg4 26. hxg4 Nb3 27. g5 Qc1 28.
Bh3 Rc6 29. Ng2 Qc2 30. Bxe6+ Kf8 31. Qg4 Qxd3 32. Re1 Rc2 33. Kg1 a5 34. Bd6 Nd2 35. Nh4 Nxe4 36. Nxg6# 1-0

[Event "Late-Titled-Tuesday-Blitz-October-03-2023"]
[Site "Chess.com"]
[Date "2023.10.03"]
[Round "7"]
[White "esskeettit"]
[Black "Hirna2005"]
[Result "1-0"]
[WhiteElo "2465"]
[BlackElo "2296"]
[TimeControl "180+1"]
[EndTime "15:13:28 PDT"]
[Termination "esskeettit won on time"]

1. d4 g6 2. c4 Bg7 3. Nc3 d6 4.
e4 Nc6 5. Nf3 Bg4 6. Be3 e5 7.
d5 Nce7 8. Be2 Bxf3 9. Bxf3 f5 10. exf5 Nxf5 11. Bd2 Nge7 12. Ne4 O-O 13. Ng5 Nd4 14.
Bg4 Nef5 15. Bc3 Qxg5 16. h4 Qf6 17. Qd2 Bh6 18. Qd3 Kg7 19. h5 e4 20. Qd1 e3 21.
Bxf5 Qxf5 22. Qxd4+ Kf7 23. hxg6+ Qxg6 24. fxe3 Bxe3 25. Rf1+ Ke7 26. Qxe3+ Kd7 27. O-O-O Rae8 28. Qh3+ Kd8 29. Rxf8 Rxf8 30. Re1 b6 31. Qe3 Kc8 32. Qe4 Qg5+ 33. Kb1 Kb7 34. a3 Rf7 35. Ka2 Qg3 36. Re3 1-0

[Event "Late-Titled-Tuesday-Blitz-October-03-2023"]
[Site "Chess.com"]
[Date "2023.10.03"]
[Round "7"]
[White "NMJeevanK"]
[Black "carokannlover213"]
[Result "1-0"]
[WhiteElo "2572"]
[BlackElo "2713"]
[TimeControl "180+1"]
[EndTime "15:13:33 PDT"]
[Termination "NMJeevanK won by checkmate"]

1. e4 c5 2. Nc3 d6 3. Nf3 Nc6 4.
d4 cxd4 5. Nxd4 Nf6 6. Be2 e5 7. Nb3 Be6 8. O-O Be7 9. Kh1 O-O 10. f4 a5 11. f5 Bd7 12. Be3 a4 13. Nd2 a3 14. b3 Nb4 15. Nc4 Bc6 16. Bf3 b5 17. Nb6 Ra6 18. Nbd5 Nbxd5 19. Nxd5 Nxd5 20. exd5 Bd7 21.
Be4 Bg5 22. Qd3 Bxe3 23. Qxe3 Qf6 24. g4 h6 25. Qg3 Qe7 26. f6 gxf6 27. Qh4 Kg7 28. Rf3 Qd8 29. Qh5 Qa5 30. Raf1 Qb4 31. c4 Be8 32. Rxf6 Qd2 33. Qf5 Rh8 34. Rxf7+ Bxf7 35. Qxf7# 1-0

[Event "Late-Titled-Tuesday-Blitz-October-03-2023"]
[Site "Chess.com"]
[Date "2023.10.03"]
[Round "7"]
[White "DucksParadise"]
[Black "venturov"]
[Result "1-0"]
[WhiteElo "2645"]
[BlackElo "2491"]
[TimeControl "180+1"]
[EndTime "15:13:33 PDT"]
[Termination "DucksParadise won by checkmate"]

1. d4 Nf6 2. c4 d6 3. Nc3 Nbd7 4.
e4 e5 5. Nf3 g6 6. Be2 Bg7 7.
Be3 O-O 8. O-O Re8 9. d5 Nh5 10. g3 Bf8 11. Kh1 Be7 12. Nd2 Ng7 13. f4 f5 14. g4 exf4 15. Bxf4 Nc5 16. exf5 gxf5 17. b4 Na6 18. a3 Bg5 19. Qc2 Bf6 20. Bd3 fxg4 21.
Bxh7+ Kh8 22. Bg6 Rf8 23. Bh6 Bd7 24. Nde4 Be5 25. Ng5 Kg8 26. Bf7+ Rxf7 27. Qh7+ Kf8 28. Rxf7+ Ke8 29. Qg8# 1-0

[Event "Late-Titled-Tuesday-Blitz-October-03-2023"]
[Site "Chess.com"]
[Date "2023.10.03"]
[Round "7"]
[White "AleksandrAleksikov"]
[Black "ljuks68"]
[Result "0-1"]
[WhiteElo "2208"]
[BlackElo "2387"]
[TimeControl "180+1"]
[EndTime "15:13:33 PDT"]
[Termination "ljuks68 won on time"]

1. e4 e6 2. d4 d5 3. Nc3 Bb4 4. Ne2 Nc6 5. Qd3 Nge7 6. e5 f6 7. exf6 gxf6 8. a3 Bd6 9. Nb5 e5 10. Nxd6+ Qxd6 11. dxe5 fxe5 12. Ng3 Be6 13. Be2 O-O-O 14.
O-O Rdg8 15. c3 h5 16. Rd1 h4 17. Nf1 e4 18. Qc2 Ne5 19. Kh1 Bg4 20. Bf4 N7g6 21.
Bxe5 Nxe5 22. Bxg4+ Nxg4 23. Rd2 Qf6 24. Re1 h3 0-1

[Event "Late-Titled-Tuesday-Blitz-October-03-2023"]
[Site "Chess.com"]
[Date "2023.10.03"]
[Round "7"]
[White "Veleamater"]
[Black "Verony64"]
[Result "1-0"]
[WhiteElo "2318"]
[BlackElo "2222"]
[TimeControl "180+1"]
[EndTime "15:13:34 PDT"]
[Termination "Veleamater won on time"]

1. g3 d6 2. Bg2 c6 3. d3 e5 4. e4 f5 5. Nc3 Nf6 6. f4 Be7 7. Nf3 fxe4 8. dxe4 Bg4 9. O-O O-O 10.
h3 Bxf3 11. Qxf3 Nbd7 12. f5 h6 13. Be3 Nh7 14. g4 Bg5 15. Bf2 b5 16. Ne2 Qe7 17. Rad1 Rad8 18. Qg3 Nb6 19. b3 d5 20. Bxb6 axb6 21.
exd5 Qc5+ 22. Kh1 Qxc2 23. Qd3 Qxd3 24. Rxd3 Rd6 25. Rfd1 Nf6 26. Nc3 Rfd8 27. a3 Bf4 28. Ne4 Nxe4 29. Bxe4 c5 30. Rc3 Kf8 31. Kg2 Ke7 32. Kf3 Bg5 33. b4 c4 34. a4 bxa4 35.
Rxc4 a3 36. Ra1 Ra8 37. Rc3 Ra4 38. Rb3 b5 39. Raxa3 Rda6 40. Rxa4 Rxa4 41. Bd3 Kd6 42. Bxb5 Ra1 43. Be2 Kxd5 44. b5 Kd6 45. b6 Ra8 46. b7 Rb8 47. Ke4 Bd8 48. Ba6 Kc7 49. Kxe5 Bf6+ 50.
Ke6 Bd4 51. Kf7 Kc6 52. Rb5 1-0